 Dungeon Crawl Stone Soup version 0.28.0-53-g5a82cb258f (webtiles) character file.

Game seed: 4530505014930036173

264 NoAnimeNoLife the Cudgeller (level 5, -4/41 HPs)
             Began as a Demonspawn Fighter on June 2, 2022.
             Slain by a scorpion (5 damage)
             ... on level 3 of the Dungeon.
             The game lasted 00:04:39 (4729 turns).

NoAnimeNoLife the Cudgeller (Demonspawn Fighter)    Turns: 4729, Time: 00:04:40

Health: -4/41      AC:  7    Str: 19    XL:     5   Next: 98%
Magic:  0/5        EV:  9    Int:  9    God:
Gold:   34         SH:  5    Dex: 18    Spells: 4/4 levels left

rFire   . . .      SeeInvis .   a - +1 flail
rCold   . . .      Faith    .   c - +0 buckler
rNeg    . . .      Spirit   +   b - +1 scale mail
rPois   .          Reflect  .   (helmet restricted)
rElec   .          Harm     .   (no cloak)
rCorr   .          Rampage  .   (no gloves)
Will    .....                   (no boots)
Stlth   ..........              (no amulet)
HPRegen 0.13/turn               e - +6 ring of dexterity
MPRegen 0.18/turn               (no ring)

@: lethally poisoned (-4 -> -19)
A: antennae 1, magic shield, magic regeneration
a: no special abilities


You were on level 3 of the Dungeon.
You visited 1 branch of the dungeon, and saw 3 of its levels.

You collected 86 gold pieces.
You spent 52 gold pieces at shops.

Inventory:

Hand Weapons
 a - a +1 flail (weapon)
Armour
 b - a +1 scale mail (worn)
 c - a +0 buckler (worn)
 i - an orb of guile
Jewellery
 e - a +6 ring of dexterity (left hand)
Scrolls
 f - a scroll of torment
Potions
 k - a potion of degeneration


   Skills:
 - Level 3.0 Fighting
 + Level 5.8 Maces & Flails
 - Level 2.6 Armour
 - Level 2.6 Shields


You had 4 spell levels left.
You didn't know any spells.
Your spell library contained the following spells:

 Spells                   Type           Power      Damage    Failure   Level
 Animate Skeleton         Necr           0%         N/A       86%         1
 Apportation              Tloc           0%         N/A       86%         1
 Summon Small Mammal      Summ           0%         N/A       86%         1


Dungeon Overview and Level Annotations

Branches:
Dungeon (3/15)

Altars:

Shops:
D:1 !


Innate Abilities, Weirdness & Mutations

You have a pair of small antennae on your head.
When hurt, damage is shared between your health and your magic reserves.
You regenerate magic rapidly.


Message History

The gnoll barely misses you.
You sock the gnoll!
You kill the gnoll!
You see here a +0 halberd.
Magic restored.
HP restored.
You see here a +0 halberd.
A scorpion is nearby!
You see here a +0 halberd.
You hit the scorpion but do no damage. You block the scorpion's attack.
You closely miss the scorpion. The scorpion stings you!
You are poisoned.
The scorpion poisons you! The scorpion stings you.
You hit the scorpion but do no damage.
You feel very sick.
The scorpion stings you but does no damage.
You closely miss the scorpion.
You feel sick. The scorpion stings you.
You are more poisoned.
The scorpion poisons you!
You sock the scorpion!
The scorpion is heavily wounded.
You feel very sick. The scorpion stings you.
You closely miss the scorpion.
The scorpion is heavily wounded.
* * * LOW HITPOINT WARNING * * *
You feel very sick. The scorpion stings you!
* * * LOW HITPOINT WARNING * * *
You are more poisoned.
The scorpion poisons you!
The scorpion stings you but does no damage.
Okay, then.
Okay, then.
You hit the scorpion but do no damage.
The scorpion is heavily wounded.
* * * LOW HITPOINT WARNING * * *
You feel very sick. The scorpion stings you!
You die...

..#w../[#.###.......[.#.######.#.
#.#wJr(.#.# #.........#.######.#.
###{gw)##.# #...............>..#.
.'s#####.## #.......[.##.#######.
###'##...# #.........##.##......
###.[##..# #.........##.##......
.#....#..# #.........##.##......
.)....#..####.........##...####..
.##..##........s@.....####.# #..
.w####........#####....###.# #..
#......#......# #........# ##.
#####.##......# #....#########.
#.†.......# #....#........#
####......# ##.###........#
#......# #.# #........# ########
#.######.##.## ####.....##.##...


You could see a scorpion.

Vanquished Creatures
  Sigmund (D:3)
  2 adders (D:3)
  A gnoll (D:3)
  2 dart slugs (D:3)
  2 orcs (D:3)
  8 ball pythons
  5 bats
  5 endoplasms
  4 giant cockroaches
  8 goblins
  7 hobgoblins
  2 jackals (D:2)
  5 kobolds
  3 quokkas
  5 frilled lizards (D:1)
  7 rats
67 creatures vanquished.

Vanquished Creatures (others)
  8 plants (D:2)
8 creatures vanquished.

Grand Total: 75 creatures vanquished

Notes
Turn   | Place    | Note
-------+----------+-------------------------------------------
     0 | D:1      | NoAnimeNoLife the Demonspawn Fighter began the quest for
                  | the Orb.
     0 | D:1      | Reached XP level 1. HP: 18/18 MP: 1/1
    41 | D:1      | Found Lamesu Lasm's Distillery.
    45 | D:1      | Reached skill level 2 in Maces & Flails
    47 | D:1      | Found a faded altar of an unknown god.
   272 | D:1      | Gained mutation: You have a pair of small antennae on your
                  | head. [demonic ancestry]
   272 | D:1      | Reached XP level 2. HP: 19/24 MP: 2/2
   978 | D:1      | Reached skill level 3 in Maces & Flails
  1444 | D:2      | Gained mutation: You regenerate magic rapidly. [demonic
                  | ancestry]
  1444 | D:2      | Reached XP level 3. HP: 24/29 MP: 3/3
  3166 | D:3      | Noticed Sigmund
  3222 | D:1      | Bought a potion of curing for 39 gold pieces
  3222 | D:1      | Bought a potion of degeneration for 13 gold pieces
  3355 | D:3      | Killed Sigmund
  3356 | D:3      | Reached skill level 5 in Maces & Flails
  3356 | D:3      | Reached XP level 4. HP: 17/35 MP: 4/4
  3356 | D:3      | Gained mutation: When hurt, damage is shared between your
                  | health and your magic reserves. [demonic ancestry]
  3356 | D:3      | Reached XP level 5. HP: 20/41 MP: 5/5
  4729 | D:3      | HP: 1/41 [poisoned by a scorpion]
  4729 | D:3      | Slain by a scorpion

Illustrated notes

Levels and vault maps discovered:
D:1:      zelgadis_glass_arrival_small, layout_basic,
          shapermc_ecumenical_altar_venn, serial_shops, shop
D:2:      layout_loops_corners, glass_columns_a, serial_bayou_ford_a
D:3:      minmay_spotlight, layout_basic, minmay_joined_circles, uniq_sigmund

Skill      XL: |  1  2  3 |
---------------+----------+-----
Maces & Flails | 2 3 5 |  5.8
Fighting       | |  3.0
Armour         | |  2.6
Shields        | |  2.6

Action                   |  1- 3 |  4- 6 || total
-------------------------+-------+-------++-------
Melee: Flail             |   155 |    65 ||   220
  Use: Scroll            |     4 |     4 ||     8
       Potion            |     2 |     2 ||     4
Armor: Scale mail        |    71 |    11 ||    82
Dodge: Dodged            |    73 |    32 ||   105
Block: Buckler           |    51 |    12 ||    63
